[Event "Titled Tuesday Blitz January 18 2022"]
[White "Koziorowicz, Michal"]
[Black "Lorparizangeneh, Shahin"]
[WhiteFideId "21809194"]
[BlackFideId "12521604"]
[WhiteElo "2166"]
[BlackElo "2525"]
[Result "0-1"]
[Round "05"]
[TimeControl "180+1"]
[Date "2022.01.18"]
[WhiteClock "0:00:09"]
[BlackClock "0:00:11"]

1. e4 c5 2. Nf3 d6 3. Bb5+ Bd7 4. Bxd7+ Nxd7 5. O-O Ngf6 6. Re1 e6 7. c3 Be7 8. d4 O-O 9. Bg5 h6 10. Bh4 Rc8 11. d5 exd5 12. exd5 Nb6 13. Bxf6 Bxf6 14. Na3 Qd7 15. Nc2 Qb5 16. Rb1 Qc4 17. Ne3 Qxa2 18. Qc2 Qa4 19. Qf5 Qd7 20. Qh5 Rce8 21. Ng4 Bd8 22. h3 f5 23. Nxh6+ gxh6 24. Qxh6 Nxd5 25. Rbd1 Nf6 26. Qg6+ Qg7 27. Qxf5 Rxe1+ 28. Rxe1 Kh8 29. Ng5 Nh7 30. Qxh7+ Qxh7 31. Nxh7 Kxh7 32. Re6 d5 33. Rd6 d4 34. cxd4 cxd4 35. Rxd4 Bb6 36. Rd7+ Kg6 37. Rxb7 Bxf2+ 38. Kh2 Bb6 39. h4 Rf2 40. Kh3 Rxb2 41. g4 Rb3+ 42. Kg2 a5 43. Rb8 a4 44. Ra8 a3 45. Rg8+ Kf7 46. Ra8 Bd4 47. h5 Rb2+ 48. Kf3 a2 49. Ke4 Rd2 50. g5 a1=Q 51. g6+ Kg7 0-1


[Site "https://www.chess.com"]

[Event "Titled Tuesday Blitz January 18 2022"]
[White "Kravtsiv, Martyn"]
[Black "Csonka, Balazs"]
[WhiteFideId "14113147"]
[BlackFideId "742910"]
[WhiteElo "2694"]
[BlackElo "2404"]
[Result "0-1"]
[Round "05"]
[TimeControl "180+1"]
[Date "2022.01.18"]
[WhiteClock "0:00:02"]
[BlackClock "0:00:02"]

1. e4 e5 2. Nf3 Nc6 3. Nc3 Nf6 4. a4 d5 5. exd5 Nxd5 6. Bb5 Nxc3 7. bxc3 Bd6 8. O-O O-O 9. d4 exd4 10. cxd4 Bg4 11. c3 Qf6 12. h3 Bxf3 13. Qxf3 Qxf3 14. gxf3 a5 15. Bd3 Nd8 16. Rb1 b6 17. Re1 Ne6 18. Re4 g6 19. Bh6 Rfd8 20. Rbe1 Bf8 21. Bxf8 Kxf8 22. Bc4 Ng5 23. R4e3 Re8 24. Kg2 h6 25. h4 Nh7 26. Bb5 Rxe3 27. fxe3 Nf6 28. e4 Ke7 29. f4 Rg8 30. Kf2 g5 31. hxg5 hxg5 32. f5 Rh8 33. e5 Nd5 34. f6+ Kf8 35. c4 Nb4 36. Kg3 c6 37. c5 cxb5 38. cxb6 Ke8 39. Rc1 Kd7 40. Rc7+ Ke6 41. axb5 Nd5 42. Rc6+ Kf5 43. Rd6 Ke4 44. b7 Rb8 45. Rd7 a4 46. Rxf7 a3 47. Rh7 a2 48. Rh1 Rxb7 49. Re1+ Kxd4 50. Ra1 Kxe5 51. Rxa2 Nxf6 52. Rb2 Rb6 53. Rb1 Kf5 54. Kf3 Nd5 55. Rb3 Nc7 56. Rc3 Nxb5 57. Rc5+ Kf6 58. Kg4 Nd6 59. Rxg5 Rb4+ 60. Kh5 Ne4 61. Rg6+ Kf5 62. Kh6 Nf6 0-1


[Site "https://www.chess.com"]

[Event "Titled Tuesday Blitz January 18 2022"]
[White "Krivonosov, Oleg"]
[Black "Jocev, Milan"]
[WhiteFideId "11600349"]
[BlackFideId "900680"]
[WhiteElo "2455"]
[BlackElo "2322"]
[Result "1-0"]
[Round "05"]
[TimeControl "180+1"]
[Date "2022.01.18"]
[WhiteClock "0:00:51"]
[BlackClock "0:00:02"]

1. Nf3 Nf6 2. c4 g6 3. Nc3 Bg7 4. e4 e5 5. d4 exd4 6. Nxd4 O-O 7. Bd3 c6 8. O-O d5 9. cxd5 cxd5 10. exd5 Nxd5 11. Be4 Nxc3 12. bxc3 Qc7 13. Qb3 Nc6 14. Nxc6 bxc6 15. Be3 Be6 16. Qa4 Bd5 17. Bxd5 cxd5 18. Bd4 Bxd4 19. Qxd4 Rfd8 20. Rab1 Rac8 21. Rb3 Qc5 22. Rd1 Qxd4 23. Rxd4 Rc4 24. g3 Rxd4 25. cxd4 Rc8 26. Rb5 Rc4 27. Ra5 Rxd4 28. Rxa7 Rd1+ 29. Kg2 Kg7 30. h4 h5 31. Kf3 Kf6 32. a4 Ra1 33. a5 Ra3+ 34. Ke2 Ke6 35. a6 f6 36. Ra8 Kf5 37. f3 d4 38. a7 Re3+ 39. Kd1 Ra3 40. Kd2 Ra2+ 41. Kd3 Ra4 42. Kc2 Ra2+ 43. Kb3 Ra1 44. Kc4 Ra4+ 45. Kd3 Ra3+ 46. Kxd4 Ra4+ 47. Kc5 Ra1 48. Kb6 Rb1+ 49. Kc6 Rc1+ 50. Kd6 Ra1 51. Ke7 Re1+ 52. Kf7 Ra1 53. Kg7 g5 54. hxg5 Kxg5 55. Kh7 Kf5 56. Kh6 Ra2 57. g4+ hxg4 58. fxg4+ Kxg4 59. Rg8+ Kf3 60. a8=Q+ Rxa8 61. Rxa8 1-0


[Site "https://www.chess.com"]

[Event "Titled Tuesday Blitz January 18 2022"]
[White "Krutko, Anatoly"]
[Black "De Silva, L M S T"]
[WhiteFideId "4185862"]
[BlackFideId "9953698"]
[WhiteElo "2378"]
[BlackElo "1631"]
[Result "0-1"]
[Round "05"]
[TimeControl "180+1"]
[Date "2022.01.18"]
[WhiteClock "0:00:41"]
[BlackClock "0:01:57"]

1. e4 e5 2. Nf3 Nc6 3. Bb5 a6 4. Ba4 Nf6 5. d3 b5 6. Bb3 Bb7 7. Ng5 d5 8. exd5 Nd4 9. Nc3 Nxb3 10. axb3 h6 11. Nf3 Bd6 12. O-O Nxd5 13. d4 Nxc3 14. bxc3 e4 15. Ne5 O-O 16. Qh5 Qe8 17. b4 f6 18. Ng6 f5 19. Bf4 Rf6 20. Bxd6 Rxg6 21. Qxf5 cxd6 22. Rae1 Qf7 23. Qh3 Rf8 0-1


[Site "https://www.chess.com"]

[Event "Titled Tuesday Blitz January 18 2022"]
[White "Kucuksari, Kaan"]
[Black "Ekdyshman, Mikhail"]
[WhiteFideId "6380166"]
[BlackFideId "4149416"]
[WhiteElo "2305"]
[BlackElo "2156"]
[Result "1-0"]
[Round "05"]
[TimeControl "180+1"]
[Date "2022.01.18"]
[WhiteClock "0:00:28"]
[BlackClock "0:00:02"]

1. d4 Nf6 2. c4 e6 3. g3 d5 4. Nf3 b6 5. Bg2 Bb7 6. O-O Nbd7 7. Ne5 c6 8. Nc3 Bd6 9. Bf4 Bxe5 10. dxe5 Nh5 11. Be3 Nxe5 12. cxd5 cxd5 13. Bd4 Nd7 14. e4 Nhf6 15. exd5 O-O 16. dxe6 Bxg2 17. exf7+ Rxf7 18. Kxg2 Qc7 19. f4 Rd8 20. Qf3 Nf8 21. Rad1 h6 22. Be5 Qc8 23. Rxd8 Qxd8 24. Rd1 Rd7 25. Bxf6 Qxf6 26. Rxd7 Nxd7 27. Qd5+ Qf7 28. Qxf7+ Kxf7 29. Kf3 Ke6 30. g4 Kd6 31. h4 Kc5 32. Ke4 b5 33. Kf5 Nf8 34. Ke5 Ng6+ 35. Ke4 Nxh4 36. f5 b4 37. Nd1 a5 38. Ne3 a4 39. b3 a3 40. Nc2 Ng2 41. Kf3 Nh4+ 42. Kg3 g5 43. Ne1 Kd4 44. Nf3+ Kc3 45. Nxh4 gxh4+ 46. Kxh4 Kb2 47. f6 Kxa2 48. f7 Kxb3 49. f8=Q a2 50. Qf6 Kc2 51. Qf2+ Kb1 52. Qe1+ Kc2 53. Qe2+ Kb1 54. Qd1+ Kb2 55. Qd2+ Ka3 56. Qc1+ Ka4 57. Qb2 b3 58. Kh5 1-0


[Site "https://www.chess.com"]

[Event "Titled Tuesday Blitz January 18 2022"]
[White "Le, Tuan Minh"]
[Black "Nakamura, Hikaru"]
[WhiteFideId "12401153"]
[BlackFideId "2016192"]
[WhiteElo "2936"]
[BlackElo "3225"]
[Result "1/2-1/2"]
[Round "05"]
[TimeControl "180+1"]
[Date "2022.01.18"]
[WhiteClock "0:00:06"]
[BlackClock "0:00:11"]

1. d4 d5 2. Nf3 Nf6 3. Bf4 Bf5 4. c4 e6 5. Nc3 Bd6 6. Bxd6 Qxd6 7. Qb3 b6 8. g3 c6 9. Bg2 h6 10. O-O Nbd7 11. Rac1 O-O 12. Rfd1 Rac8 13. h3 Qb8 14. e3 a6 15. Ne2 dxc4 16. Qxc4 b5 17. Qb4 Qa7 18. Nf4 Be4 19. Nd3 Bxd3 20. Rxd3 c5 21. Qe1 c4 22. Rdd1 Rfe8 23. b3 e5 24. bxc4 bxc4 25. Qb4 exd4 26. Rxd4 Nb6 27. Nd2 Nfd7 28. Ne4 Rc7 29. Nd6 Rb8 30. Qa5 Nc5 31. Nf5 Ne6 32. Rg4 h5 33. Nh6+ Kf8 34. Qxh5 gxh6 35. Qxh6+ Ke7 36. Qh4+ Ke8 37. Rd1 Rbc8 38. Rg8+ Nf8 39. Qh6 Nd7 40. Rd4 Rc5 41. Re4+ Kd8 42. Rxf8+ Nxf8 43. Qxf8+ Kc7 44. Qxf7+ Kb8 45. Re7 R5c7 46. Qf4 Qc5 47. Re5 Qb6 48. Qe4 Ka7 49. Re6 Qb5 50. Qd4+ Qc5 51. Qf6 Qb5 52. Qd4+ Qc5 53. Qf6 Qb5 54. a4 Qa5 55. Qd4+ Qc5 56. Qf6 Qa5 57. Qd4+ Qc5 58. Qf6 Qa5 1/2-1/2


[Site "https://www.chess.com"]

[Event "Titled Tuesday Blitz January 18 2022"]
[White "Ljukin, Sergei"]
[Black "Korchmar, Vasiliy"]
[WhiteFideId "14102200"]
[BlackFideId "24131750"]
[WhiteElo "2312"]
[BlackElo "2370"]
[Result "1-0"]
[Round "05"]
[TimeControl "180+1"]
[Date "2022.01.18"]
[WhiteClock "0:00:07"]
[BlackClock "0:00:01"]

1. e4 c5 2. Nf3 d6 3. d4 cxd4 4. Nxd4 Nf6 5. Nc3 Nc6 6. Bc4 e6 7. Be3 a6 8. Qe2 Qc7 9. Bb3 Na5 10. O-O-O b5 11. Kb1 Nxb3 12. cxb3 Bb7 13. f3 Be7 14. Rc1 Qd8 15. g4 O-O 16. h4 Rc8 17. h5 b4 18. Na4 Nxe4 19. fxe4 Bxe4+ 20. Ka1 Bxh1 21. Rxh1 Bg5 22. Nf3 Bxe3 23. Qxe3 Qf6 24. Nb6 Rc7 25. Nc4 Rfc8 26. g5 Qf5 27. Nd4 Qg4 28. h6 d5 29. Rg1 Qh5 30. Nd6 Qh3 31. Qe1 Rd8 32. Qe5 f6 33. gxf6 Qxh6 34. a3 1-0


[Site "https://www.chess.com"]

[Event "Titled Tuesday Blitz January 18 2022"]
[White "Maghsoodloo, Parham"]
[Black "Sarana, Alexey"]
[WhiteFideId "12539929"]
[BlackFideId "24133795"]
[WhiteElo "2930"]
[BlackElo "3122"]
[Result "0-1"]
[Round "05"]
[TimeControl "180+1"]
[Date "2022.01.18"]
[WhiteClock "0:00:45"]
[BlackClock "0:00:35"]

1. e4 c5 2. Nf3 d6 3. d4 cxd4 4. Nxd4 Nf6 5. Nc3 a6 6. h3 e5 7. Nde2 b5 8. g4 b4 9. Nd5 Nxd5 10. Qxd5 Ra7 11. Be3 Be6 12. Qd2 Rd7 13. f4 d5 14. f5 dxe4 15. Qc1 Bd5 16. Bg2 Be7 17. O-O Bh4 18. Rd1 Bc4 19. Bf1 O-O 20. b3 Bb5 21. a4 bxa3 22. c4 Bc6 23. Nc3 Be7 24. c5 Rxd1 25. Qxd1 Bg5 26. Qe1 Bxe3+ 27. Qxe3 Qd4 28. Kf2 Nd7 29. Rxa3 Nxc5 30. Bc4 Rd8 31. Ra5 Nd3+ 32. Bxd3 Qxc3 33. Rc5 Qxd3 34. Rxc6 Qd1 35. Kg3 h6 36. Qxe4 Rd3+ 37. Kh4 Qf1 38. Rc8+ Kh7 39. f6+ g6 0-1


[Site "https://www.chess.com"]

[Event "Titled Tuesday Blitz January 18 2022"]
[White "Martinez Ramirez, Lennis"]
[Black "Demin, Vladimir"]
[WhiteFideId "3509079"]
[BlackFideId "4167457"]
[WhiteElo "2374"]
[BlackElo "2472"]
[Result "0-1"]
[Round "05"]
[TimeControl "180+1"]
[Date "2022.01.18"]
[WhiteClock "0:00:27"]
[BlackClock "0:00:17"]

1. d4 Nf6 2. Bf4 d5 3. e3 c5 4. Nf3 Nc6 5. Nbd2 e6 6. c3 Bd6 7. Bxd6 Qxd6 8. Bb5 a6 9. Qa4 Bd7 10. Qa3 b6 11. Nb3 Ne4 12. Bd3 c4 13. Bxe4 Qxa3 14. bxa3 dxe4 15. Nfd2 cxb3 16. axb3 f5 17. a4 Ke7 18. Ke2 Rhc8 19. f3 exf3+ 20. gxf3 Na5 21. Kd3 e5 22. dxe5 Bc6 23. Kc2 Bd5 24. Rhg1 g6 25. h4 Rc7 26. h5 Kf7 27. hxg6+ hxg6 28. Rg5 Rac8 29. c4 Ba8 30. Rh1 Rg8 31. Kc3 Nc6 32. Rh7+ Rg7 33. Rh8 Bb7 34. f4 b5 35. e4 bxa4 36. exf5 a3 37. f6 Nb4 38. fxg7 Kxg7 39. Rh1 Bxh1 40. Kxb4 a2 41. Rg1 Bc6 42. Ka3 Rd7 43. Kxa2 Rxd2+ 44. Ka3 Rf2 45. Rg4 Bd7 46. Rh4 a5 47. c5 Rf3 48. Kb2 Be6 49. c6 Rxb3+ 50. Kc2 Rb6 51. c7 Rc6+ 52. Kd3 Rxc7 53. Rh2 Rc4 54. Rb2 Rxf4 55. Rb7+ Kh6 56. Re7 Bf5+ 57. Ke3 Rb4 58. Kf3 a4 59. Ra7 Kg5 60. Ra5 Rb3+ 61. Ke2 a3 62. Kd2 Rb2+ 63. Kc3 Rh2 64. Rxa3 Rh3+ 65. Kb4 Rxa3 66. Kxa3 Kf4 67. Kb4 Kxe5 68. Kc3 Kf4 69. Kd2 Kf3 70. Ke1 Bd3 71. Kd2 Be2 72. Kc3 g5 73. Kd4 g4 74. Ke5 g3 75. Kf6 g2 0-1


[Site "https://www.chess.com"]

[Event "Titled Tuesday Blitz January 18 2022"]
[White "Milchev, Nikolay"]
[Black "Visakh N R"]
[WhiteFideId "2906090"]
[BlackFideId "25012223"]
[WhiteElo "2449"]
[BlackElo "2454"]
[Result "0-1"]
[Round "05"]
[TimeControl "180+1"]
[Date "2022.01.18"]
[WhiteClock "0:01:40"]
[BlackClock "0:01:44"]

1. Nf3 d5 2. c4 c6 3. cxd5 cxd5 4. d4 Nc6 5. Nc3 e6 6. Bf4 Bd6 7. Bg3 Nge7 8. e3 O-O 9. Rc1 a6 10. Bd3 Ng6 11. O-O Bxg3 12. hxg3 Bd7 13. Na4 b6 14. a3 Na5 15. b4 Nc4 16. Bxc4 dxc4 17. Nd2 Bxa4 18. Qxa4 b5 19. Qc2 a5 20. Rb1 Ne7 21. Ne4 Nd5 22. Nc3 axb4 23. axb4 Nxc3 24. Qxc3 Qd5 25. f3 Ra2 26. Ra1 Rfa8 27. Rxa2 Rxa2 28. Ra1 Qa8 29. Rxa2 Qxa2 30. e4 Qb3 31. Qd2 c3 32. Qg5 h6 33. Qd8+ Kh7 34. Qe8 c2 35. Qxf7 c1=Q+ 36. Kh2 Qbd1 37. g4 Qg1+ 38. Kg3 Qce1+ 39. Kf4 Qh2+ 40. g3 Qhxg3# 0-1


[Site "https://www.chess.com"]

[Event "Titled Tuesday Blitz January 18 2022"]
[White "Mitusov, Semen"]
[Black "Bacrot, Etienne"]
[WhiteFideId "14151049"]
[BlackFideId "605506"]
[WhiteElo "2246"]
[BlackElo "2673"]
[Result "0-1"]
[Round "05"]
[TimeControl "180+1"]
[Date "2022.01.18"]
[WhiteClock "0:00:01"]
[BlackClock "0:00:45"]

1. e4 c5 2. Nc3 Nc6 3. g3 g6 4. Bg2 Bg7 5. Nge2 e6 6. O-O Nge7 7. d3 d5 8. exd5 exd5 9. Bg5 h6 10. Bd2 O-O 11. Nf4 d4 12. Ne4 b6 13. Re1 Bb7 14. c4 Qd7 15. Bc1 Rae8 16. Nd2 Ne5 17. Nf3 N5c6 18. Bd2 g5 19. Nh5 Ng6 20. Nxg7 Kxg7 21. Rxe8 Rxe8 22. Qf1 Nce5 23. Nxe5 Nxe5 24. f4 Bxg2 25. Qxg2 Nxd3 26. fxg5 hxg5 27. Bxg5 Qg4 28. Bh4 Re2 29. Qc6 Qf5 30. Rf1 Rf2 31. Rd1 Rxb2 32. Rf1 Rf2 33. Rd1 Rxa2 34. Rf1 Rf2 35. Rd1 Ne5 36. Qc7 Re2 0-1


[Site "https://www.chess.com"]

[Event "Titled Tuesday Blitz January 18 2022"]
[White "Muradli, Mahammad"]
[Black "Erdogdu, Mert"]
[WhiteFideId "13409301"]
[BlackFideId "6301495"]
[WhiteElo "2645"]
[BlackElo "2485"]
[Result "0-1"]
[Round "05"]
[TimeControl "180+1"]
[Date "2022.01.18"]
[WhiteClock "0:00:02"]
[BlackClock "0:00:09"]

1. Nf3 d5 2. e3 Nf6 3. c4 e6 4. b3 c5 5. Bb2 Nc6 6. cxd5 exd5 7. Bb5 Bd6 8. d4 O-O 9. O-O Bg4 10. dxc5 Bxc5 11. h3 Bh5 12. Nbd2 Rc8 13. Rc1 Bd6 14. Be2 Re8 15. a3 Bb8 16. b4 a6 17. Re1 Qd6 18. Nf1 Ne4 19. Qd3 Bg6 20. Qb3 Ba7 21. Red1 Rcd8 22. Ba1 Kh8 23. Qb2 f6 24. Nh4 Bf7 25. Nf5 Qd7 26. N5g3 Qe7 27. Bxa6 d4 28. Nxe4 Qxe4 29. Bxb7 Bd5 30. f3 Qg6 31. Bxc6 Bxc6 32. Rxc6 dxe3 33. Re1 e2+ 34. Kh1 Rd1 35. Rc1 exf1=Q+ 36. Rxf1 Rxf1+ 37. Rxf1 Qg3 38. f4 Re1 39. Rxe1 Qxe1+ 40. Kh2 Bg1+ 0-1


[Site "https://www.chess.com"]

[Event "Titled Tuesday Blitz January 18 2022"]
[White "Narayanan.S.L"]
[Black "Xiong, Jeffery"]
[WhiteFideId "5058422"]
[BlackFideId "2047640"]
[WhiteElo "2494"]
[BlackElo "2727"]
[Result "1/2-1/2"]
[Round "05"]
[TimeControl "180+1"]
[Date "2022.01.18"]
[WhiteClock "0:00:49"]
[BlackClock "0:00:35"]

1. c4 c6 2. d4 d5 3. cxd5 cxd5 4. Bf4 e6 5. Nc3 Bd6 6. Bg3 Ne7 7. e3 Nf5 8. Bd3 Nxg3 9. hxg3 h6 10. Nf3 Nc6 11. a3 Bd7 12. Rc1 Rc8 13. e4 dxe4 14. Bxe4 O-O 15. O-O Ne7 16. Re1 Re8 17. Ne5 Bxe5 18. dxe5 Bc6 19. Bxc6 Nxc6 20. Nb5 Qxd1 21. Rcxd1 Red8 22. f4 a6 23. Nd6 Rc7 24. Rc1 f6 25. b4 fxe5 26. fxe5 Rcd7 27. Nxb7 Rxb7 28. Rxc6 Rd2 29. Rf1 a5 30. Rf2 Rxf2 31. Kxf2 axb4 32. axb4 Rxb4 33. Rxe6 Kf7 34. Ra6 Re4 35. Ra7+ Kg6 36. Re7 Kf5 37. Kf3 Rxe5 38. Rxg7 Kf6 39. Rg4 Ra5 40. Re4 Ra3+ 41. Kg4 Ra2 42. Rf4+ Kg6 43. Kh3 Ra1 1/2-1/2


[Site "https://www.chess.com"]

[Event "Titled Tuesday Blitz January 18 2022"]
[White "Nesterov, Arseniy"]
[Black "Macovei, Andrei"]
[WhiteFideId "24198455"]
[BlackFideId "13904680"]
[WhiteElo "2489"]
[BlackElo "2410"]
[Result "1/2-1/2"]
[Round "05"]
[TimeControl "180+1"]
[Date "2022.01.18"]
[WhiteClock "0:00:05"]
[BlackClock "0:00:25"]

1. d4 Nf6 2. c4 e6 3. Nc3 Bb4 4. Qc2 d5 5. Nf3 dxc4 6. e4 b5 7. a4 c6 8. Be2 Bb7 9. O-O a6 10. e5 Nd5 11. Bg5 Be7 12. Ne4 O-O 13. Bxe7 Qxe7 14. Nd6 Rd8 15. b3 cxb3 16. Qxb3 Rxd6 17. exd6 Qxd6 18. Rfc1 Nd7 19. Bf1 Rd8 20. Nd2 N5b6 21. a5 Nc8 22. Qe3 Nf6 23. Nb3 Nd7 24. Rd1 Ne7 25. Rac1 Nd5 26. Qg3 Qxg3 27. hxg3 Kf8 28. Be2 Ke7 29. Bf3 N7f6 30. Nc5 Bc8 31. Nd3 Bb7 32. Ne5 Rd6 33. Rd2 Nd7 34. Nd3 h6 35. Rdc2 g5 36. Bxd5 Rxd5 37. Nb4 Rxd4 38. Nxc6+ Bxc6 39. Rxc6 Rd6 40. f4 g4 41. R1c2 f5 42. Kf2 Nf6 43. Rc7+ Rd7 44. R2c6 Ne4+ 45. Ke3 Rxc7 46. Rxc7+ Kd6 47. Ra7 Nc5 48. Kd4 Nb3+ 49. Kc3 Nxa5 50. Rxa6+ Nc6 51. Ra8 Kd5 52. Rh8 Ke4 53. Rxh6 Nd4 54. Kd2 b4 55. Rh7 Nb3+ 56. Ke2 Nd4+ 57. Kd2 Nb3+ 58. Ke2 Nd4+ 59. Kd2 1/2-1/2


[Site "https://www.chess.com"]

[Event "Titled Tuesday Blitz January 18 2022"]
[White "Nigmatov, Ortik"]
[Black "Padmini, Rout"]
[WhiteFideId "14202131"]
[BlackFideId "5029295"]
[WhiteElo "2378"]
[BlackElo "2181"]
[Result "1-0"]
[Round "05"]
[TimeControl "180+1"]
[Date "2022.01.18"]
[WhiteClock "0:01:38"]
[BlackClock "0:00:08"]

1. e4 c5 2. Nf3 d6 3. d4 cxd4 4. Nxd4 Nf6 5. Nc3 Nc6 6. Bg5 e6 7. Qd2 a6 8. O-O-O Bd7 9. Nxc6 Bxc6 10. f3 Be7 11. h4 Qa5 12. g4 O-O 13. Be3 b5 14. Kb1 b4 15. Ne2 Rfd8 16. Nd4 Be8 17. h5 Nd7 18. g5 Nf8 19. Bh3 g6 20. hxg6 fxg6 21. Nxe6 Bf7 22. Qd5 Qxd5 23. exd5 Rdc8 24. Bd4 Rc4 25. b3 Rxd4 26. Rxd4 Nd7 27. f4 a5 28. Re1 Nf8 29. Nc7 1-0


[Site "https://www.chess.com"]

[Event "Titled Tuesday Blitz January 18 2022"]
[White "Nilsen, Tobias Lang"]
[Black "Pranav, V"]
[WhiteFideId "1521624"]
[BlackFideId "25060783"]
[WhiteElo "2013"]
[BlackElo "2349"]
[Result "0-1"]
[Round "05"]
[TimeControl "180+1"]
[Date "2022.01.18"]
[WhiteClock "0:00:15"]
[BlackClock "0:00:06"]

1. d4 Nf6 2. c4 e6 3. g3 Bb4+ 4. Bd2 Bxd2+ 5. Qxd2 O-O 6. Bg2 d6 7. Nc3 Nbd7 8. Nf3 e5 9. dxe5 dxe5 10. O-O c6 11. Rfd1 Re8 12. Rac1 Qe7 13. Ng5 Nb6 14. b3 Bf5 15. Nge4 Nxe4 16. Bxe4 Bh3 17. Qe3 Rad8 18. Bg2 Bxg2 19. Kxg2 f5 20. Rxd8 Rxd8 21. Rd1 Rxd1 22. Nxd1 Nc8 23. Nb2 Qd6 24. Nd3 e4 25. Nf4 Kf7 26. f3 exf3+ 27. Qxf3 g6 28. e4 Qd2+ 29. Kh3 Nd6 30. exf5 Nxf5 31. Qe4 Qd7 32. Kg2 Kf6 33. Nd3 Qd6 34. Kf3 h5 35. Nf4 Qd1+ 36. Kg2 Qd2+ 37. Kh3 Qd7 38. Kg2 a6 39. Qe2 b5 40. Qb2+ Kf7 41. cxb5 axb5 42. Qh8 Ne7 43. Qh7+ Kf6 44. Qh8+ Kf5 45. Qf8+ Ke4 46. Qf6 Nf5 47. Qb2 Ne3+ 48. Kg1 Qd1+ 0-1


[Site "https://www.chess.com"]

[Event "Titled Tuesday Blitz January 18 2022"]
[White "Nyzhnyk, Illya"]
[Black "Albornoz Cabrera, Carlos Daniel"]
[WhiteFideId "14118084"]
[BlackFideId "3518736"]
[WhiteElo "2694"]
[BlackElo "2490"]
[Result "1/2-1/2"]
[Round "05"]
[TimeControl "180+1"]
[Date "2022.01.18"]
[WhiteClock "0:00:20"]
[BlackClock "0:00:06"]

1. d4 Nf6 2. c4 g6 3. Nc3 Bg7 4. Nf3 O-O 5. g3 d6 6. Bg2 Nbd7 7. O-O e5 8. e3 Re8 9. a4 a5 10. b3 exd4 11. exd4 h6 12. h3 Nb8 13. Be3 Bd7 14. Qd2 Kh7 15. Rfe1 Na6 16. Re2 Nb4 17. g4 Re7 18. Rae1 Qf8 19. g5 hxg5 20. Nxg5+ Kg8 21. Bxb7 Rae8 22. Bg2 Nh5 23. d5 Bf5 24. Nge4 Bxe4 25. Nxe4 Rxe4 26. Bxe4 Rxe4 27. Bg5 Re5 28. Rxe5 Bxe5 29. f4 Bf6 30. f5 Qg7 31. Re8+ Kh7 32. h4 Bc3 33. Qe2 Qd4+ 34. Kh2 Nd3 35. fxg6+ fxg6 36. Qe7+ Ng7 37. Qf8 Qf2+ 38. Qxf2 Nxf2 39. Re7 Ng4+ 40. Kg3 Nf6 41. Bxf6 Bxf6 42. Rxc7 Kg8 43. Kg4 Nf5 44. h5 Ne3+ 45. Kf3 Nf5 46. hxg6 Nd4+ 47. Ke4 Nxb3 48. Kf5 Bg7 49. Ke6 Nc5+ 50. Kxd6 Nxa4 51. c5 Bh6 52. Rc8+ Kg7 53. c6 Bf4+ 54. Ke7 Nb6 55. Re8 Nxd5+ 56. Kd8 Nb6 57. c7 Bxc7+ 58. Kxc7 Nd5+ 59. Kd6 Nf4 60. Ra8 Nxg6 61. Rxa5 Kf6 62. Ra6 Kf5 63. Kd5 Nf4+ 64. Kd4 Ne6+ 65. Ke3 Ke5 66. Ra5+ Kd6 67. Ke4 Nc5+ 68. Kd4 Ne6+ 69. Kc4 Nc7 70. Rc5 Ne6 71. Rh5 Nc7 72. Rh6+ Ne6 73. Rg6 Ke5 74. Rg8 Kd6 1/2-1/2


[Site "https://www.chess.com"]

[Event "Titled Tuesday Blitz January 18 2022"]
[White "Obolenskikh, Dmitry"]
[Black "Beerdsen, Thomas"]
[WhiteFideId "4156013"]
[BlackFideId "1030108"]
[WhiteElo "2512"]
[BlackElo "2585"]
[Result "1-0"]
[Round "05"]
[TimeControl "180+1"]
[Date "2022.01.18"]
[WhiteClock "0:00:45"]
[BlackClock "0:00:03"]

1. Nf3 h6 2. e4 g5 3. d4 g4 4. Ne5 h5 5. h3 d6 6. Nd3 Bg7 7. c3 Nf6 8. Nd2 b6 9. e5 dxe5 10. Nxe5 gxh3 11. g3 Bb7 12. Rxh3 Nbd7 13. Ndf3 Ng4 14. Bb5 c6 15. Nxf7 Qc7 16. Nxh8 cxb5 17. Rxh5 O-O-O 18. Ng6 e5 19. Rh4 exd4 20. Rxg4 Re8+ 21. Kf1 Qc4+ 22. Kg1 Qc6 23. Ngh4 Bf6 24. Bg5 Rh8 25. Bxf6 Nxf6 26. Rxd4 Nd5 27. Rxd5 Qxd5 28. Qxd5 Bxd5 1-0


[Site "https://www.chess.com"]

[Event "Titled Tuesday Blitz January 18 2022"]
[White "Ozates, Tuna"]
[Black "Kukhmazov, Arsen"]
[WhiteFideId "6354521"]
[BlackFideId "24108260"]
[WhiteElo "1872"]
[BlackElo "2487"]
[Result "1-0"]
[Round "05"]
[TimeControl "180+1"]
[Date "2022.01.18"]
[WhiteClock "0:00:11"]
[BlackClock "0:00:06"]

1. e4 c6 2. d4 d5 3. exd5 cxd5 4. c4 Nf6 5. Nc3 g6 6. cxd5 Bg7 7. g3 Nxd5 8. Bg2 Be6 9. Nge2 O-O 10. O-O Nc6 11. a3 Nxc3 12. bxc3 Bc4 13. Rb1 Rb8 14. Re1 e5 15. Be3 exd4 16. Nxd4 Nxd4 17. Bxd4 b6 18. Qa4 Qc7 19. Rbd1 Be6 20. Bxg7 Kxg7 21. Qd4+ Kg8 22. h4 Rfc8 23. Rd3 Qc5 24. Qf6 Qf5 25. Qxf5 Bxf5 26. Rde3 Rc5 27. Re7 Ra5 28. c4 Rc8 29. Bd5 Rf8 30. R1e3 Kg7 31. Rf3 Kf6 32. Rc7 h5 33. Re3 Ra4 34. Kg2 Ra5 35. Kf3 Ra4 36. Rc6+ Kg7 37. Rc7 Bg4+ 38. Kf4 Kf6 39. f3 Be6 40. Bxe6 fxe6 41. g4 hxg4 42. fxg4 g5+ 43. hxg5+ Kg6+ 44. Kg3 Kxg5 45. Re5+ Kf6 46. Re3 e5 47. Rf3+ 1-0


[Site "https://www.chess.com"]

[Event "Titled Tuesday Blitz January 18 2022"]
[White "Pajeken, Jakob Leon"]
[Black "Remizov, Yaroslav"]
[WhiteFideId "12942839"]
[BlackFideId "34134015"]
[WhiteElo "2351"]
[BlackElo "2360"]
[Result "1-0"]
[Round "05"]
[TimeControl "180+1"]
[Date "2022.01.18"]
[WhiteClock "0:01:01"]
[BlackClock "0:00:43"]

1. d4 a6 2. c4 b6 3. e4 e6 4. Bd3 c6 5. d5 Ra7 6. Nf3 f6 7. O-O cxd5 8. exd5 e5 9. Nxe5 fxe5 10. Qh5+ Ke7 11. Qxe5+ Kf7 12. Qxb8 Qc7 13. Bf4 Qxb8 14. Bxb8 Rb7 15. Bg3 Nf6 16. Nc3 Bc5 17. Rfe1 d6 18. Ne4 Nxe4 19. Rxe4 Re8 20. Rae1 Rxe4 21. Rxe4 g6 22. Bh4 b5 23. cxb5 axb5 24. b4 Ba7 25. Rf4+ Kg8 26. Bd8 Rd7 27. Bg5 Rc7 28. Re4 Bf5 29. Re8+ Kf7 30. Bxb5 Bd3 31. Bc6 h6 32. Bxh6 Bc4 33. Rf8+ Ke7 34. Rf3 Bxa2 35. Bg5# 1-0


[Site "https://www.chess.com"]

[Event "Titled Tuesday Blitz January 18 2022"]
[White "Perez Gormaz, Matias"]
[Black "Baskin, Robert"]
[WhiteFideId "3406342"]
[BlackFideId "24662402"]
[WhiteElo "2352"]
[BlackElo "2488"]
[Result "1-0"]
[Round "05"]
[TimeControl "180+1"]
[Date "2022.01.18"]
[WhiteClock "0:00:05"]
[BlackClock "0:00:02"]

1. e4 g6 2. d4 Bg7 3. Nc3 d6 4. Be3 a6 5. g4 b5 6. Bg2 Bb7 7. h4 b4 8. Nce2 Nf6 9. Ng3 h5 10. gxh5 Nxh5 11. N1e2 Nxg3 12. Nxg3 Nd7 13. h5 e6 14. hxg6 Rxh1+ 15. Nxh1 fxg6 16. Qg4 Nf8 17. O-O-O Qd7 18. Bg5 Nh7 19. Bh4 g5 20. Bxg5 Nxg5 21. Qxg5 Qe7 22. Qg4 O-O-O 23. Bh3 Rh8 24. Qxe6+ Qxe6 25. Bxe6+ Kb8 26. Ng3 Rh2 27. Nf5 Bf6 28. f3 Bg5+ 29. Kb1 Rf2 30. a3 bxa3 31. bxa3 Rxf3 32. Rg1 Bf6 33. Rg6 Bxd4 34. Nxd4 Rf1+ 35. Kb2 Bxe4 36. Rg4 Bb7 37. Rg7 Rf2 38. Bd7 Be4 39. Nc6+ Kb7 40. Nd4 Kb6 41. Rg4 d5 42. Ba4 c5 43. Ne6 c4 44. Kc3 Ka5 45. Bc6 Rxc2+ 46. Kd4 Rd2+ 47. Kc5 c3 48. Nd4 c2 49. Nb3# 1-0


[Site "https://www.chess.com"]